 Dungeon Crawl Stone Soup version 0.25-a0-869-g05d4e06a41 (webtiles) character file.

Game seed: 9702369907941953828, levelgen mode: classic

11944 Amnesiac the Gelid (level 11, -2/54 HPs)
             Began as a Deep Elf Ice Elementalist on Apr 30, 2020.
             Was an Elder of Vehumet.
             Shot with an arrow by a centaur warrior (20 damage)
             ... on level 15 of the Dungeon.
             The game lasted 00:33:11 (11213 turns).

Amnesiac the Gelid (Deep Elf Ice Elementalist)     Turns: 11213, Time: 00:33:11

Health: -2/54      AC: 12    Str:  5    XL:     11   Next: 56%
Magic:  30/30      EV: 13    Int: 24    God:    Vehumet [****..]
Gold:   713        SH:  0    Dex: 15    Spells: 9/37 levels left

rFire    . . .     SeeInvis .   a - +3 hunting sling
rCold    . . .     Gourm    .   (no shield)
rNeg     . . .     Faith    .   q - +2 robe {MR+}
rPois    .         Spirit   .   L - +2 helmet
rElec    .         Reflect  .   y - +2 cloak
rCorr    .         Harm     .   (no gloves)
MR       ++...                  P - +1 pair of boots
Stlth    ++........             (no amulet)
HPRegen  0.18/turn              u - ring of ice
MPRegen  0.22/turn              I - ring of fire

@: very slightly contaminated
A: no striking features
a: Renounce Religion


You were on level 15 of the Dungeon.
You worshipped Vehumet.
Vehumet was greatly pleased with you.
You were not hungry.

You visited 2 branches of the dungeon, and saw 14 of its levels.
You also visited: Sewer.

You collected 755 gold pieces.
You spent 42 gold pieces at shops.

Inventory:

Hand Weapons
 a - a +3 hunting sling (weapon)
 b - a +1 falchion of protection
 M - a +2 spear of venom
Missiles
 j - 48 poisoned darts
 x - 233 stones
 N - 80 sling bullets (quivered)
 X - 7 curare-tipped darts
Armour
 q - a +2 robe of magic resistance (worn)
 y - a +2 cloak (worn)
 L - a +2 helmet (worn)
 P - a +1 pair of boots (worn)
 T - a +0 troll leather armour
Magical Staves
 Q - an uncursed staff of earth
Jewellery
 k - an uncursed ring of flight
 u - a ring of ice (left hand)
 F - an uncursed ring of protection from magic
 I - a ring of fire (right hand)
 J - an uncursed ring of see invisible
 S - a +3 ring of dexterity
Wands
 h - a wand of flame (15)
 l - a wand of polymorph (13)
 D - a wand of paralysis (8)
 O - a wand of digging (6)
Scrolls
 e - 8 scrolls of remove curse {!r}
 o - 3 scrolls of magic mapping {!r}
 p - a scroll of enchant armour {!r}
 s - a scroll of enchant weapon {!r, unknown}
 v - 2 scrolls of identify {!r}
 z - 13 scrolls of teleportation {!r}
 A - a scroll of fear {!r}
 H - 2 scrolls of fog {!r}
Potions
 d - a potion of stabbing {!q}
 f - 8 potions of curing {!q}
 g - 2 potions of lignification {!q}
 i - 8 potions of flight {!q}
 m - 4 potions of haste {!q}
 n - 2 potions of ambrosia {!q}
 r - 2 potions of degeneration {!q}
 t - 2 potions of invisibility {!q}
 w - 3 potions of heal wounds {!q}
 C - 3 potions of might {!q}
 E - a potion of mutation {!q}
 K - a potion of resistance {!q}
 U - 2 potions of magic {!q}
Comestibles
 c - 23 rations


   Skills:
 - Level 2.4 Dodging
 - Level 3.0 Stealth
 + Level 13.6 Spellcasting
 * Level 16.0 Ice Magic


You had 9 spell levels left.
You knew the following spells:

 Your Spells              Type           Power        Failure   Level  Hunger
a - Irradiate             Conj/Tmut      ###.......   24%         5    ###....
b - Frozen Ramparts       Ice            ######       0%          3    None
c - Summon Ice Beast      Ice/Summ       ######..     1%          4    None
d - Hailstorm             Conj/Ice       ######..     1%          4    None
e - Metabolic Englaciati  Hex/Ice        ######....   3%          5    ###....
f - Olgreb's Toxic Radia  Pois           ###.....     10%         4    None
z - Ozocubu's Armour      Chrm/Ice       ######..     1%          3    None

Your spell library contained the following spells:

 Spells                   Type           Power        Failure   Level  Hunger
 Freeze                   Ice            ####         0%          1    None
 Animate Skeleton         Necr           N/A          3%          1    None
 Apportation              Tloc           ###...       3%          1    None
 Corona                   Hex            ###....      3%          1    None
 Summon Small Mammal      Summ           ###.         3%          1    None
 Inner Flame              Hex/Fire       ###.....     3%          3    None
 Slow                     Hex            ###.....     5%          2    None
 Confusing Touch          Hex            ###.....     11%         3    None
 Gell's Gravitas          Tloc           ###.......   11%         3    None
 Portal Projectile        Hex/Tloc       ###...       11%         3    None
 Yara's Violent Unravell  Hex/Tmut       ###.......   24%         5    ###....
 Cause Fear               Hex            ###.......   34%         4    None
 Leda's Liquefaction      Hex/Erth       ###.......   34%         4    None
 Petrify                  Tmut/Erth      ###.....     34%         4    None
 Hydra Form               Tmut           ###.......   99%         6    #####..
 Statue Form              Tmut/Erth      ###......    99%         6    #####..
 Dragon Form              Tmut           ###.......   100%        7    ######.


Dungeon Overview and Level Annotations

Branches:
Dungeon (12/15)            Temple (1/1) D:7            Lair (0/6) D:8
    Orc (0/2) D:12          Sewer (visited)

Altars:
Ashenzari
Cheibriados
Elyvilon
Fedhas
Gozag
Hepliaklqana
Kikubaaqudgha
Nemelex Xobeh
Okawaru
Qazlal
Ru
Sif Muna
Trog
Uskayaw
Vehumet
Xom
Yredelemnul
Zin
The Shining One

Shops:
D:5 !

Annotations:
D:5 1 exclusion
D:9 3 runed translucent doors, MIKEmikeMIKE's ghost, novice CeHu
D:10 exclusion: ugly thing
D:11 exclusion: downstairs


Message History

Aim: a shadow imp (lightly wounded)
You shoot a sling bullet.
The sling bullet hits the shadow imp but does no damage.
The shadow imp is lightly wounded.
The shadow imp hits you.
Firing (i - inventory. (/) - cycle)
N - 88 sling bullets (quivered)
Press: ? - help, Shift-Dir - straight line, f/p - shadow imp
Aim: a shadow imp (lightly wounded)
You shoot a sling bullet.
The sling bullet barely misses the shadow imp.
The shadow imp barely misses you.
Firing (i - inventory. (/) - cycle)
N - 87 sling bullets (quivered)
Press: ? - help, Shift-Dir - straight line, f/p - shadow imp
Aim: a shadow imp (lightly wounded)
You shoot a sling bullet. The sling bullet hits the shadow imp.
The shadow imp is heavily wounded.
The shadow imp closely misses you.
Firing (i - inventory. (/) - cycle)
N - 86 sling bullets (quivered)
Press: ? - help, Shift-Dir - straight line, f/p - shadow imp
Aim: a shadow imp (heavily wounded)
You shoot a sling bullet. The sling bullet hits the shadow imp.
The shadow imp is severely wounded.
The shadow imp hits you but does no damage.
Firing (i - inventory. (/) - cycle)
N - 85 sling bullets (quivered)
Press: ? - help, Shift-Dir - straight line, f/p - shadow imp
Aim: a shadow imp (severely wounded)
You shoot a sling bullet.
The sling bullet barely misses the shadow imp.
The shadow imp hits you but does no damage.
The shadow imp barely misses you.
Firing (i - inventory. (/) - cycle)
N - 84 sling bullets (quivered)
Press: ? - help, Shift-Dir - straight line, f/p - shadow imp
Aim: a shadow imp (severely wounded)
You shoot a sling bullet.
The sling bullet barely misses the shadow imp.
The shadow imp barely misses you.
A centaur warrior comes into view.
Firing (i - inventory. (/) - cycle)
N - 83 sling bullets (quivered)
Press: ? - help, Shift-Dir - straight line, f/p - shadow imp
Aim: a shadow imp (severely wounded)
You shoot a sling bullet. The sling bullet hits the shadow imp.
You kill the shadow imp!
Vehumet accepts your kill.
You feel your power returning.
The centaur warrior wields a +0 shortbow.
The centaur warrior shoots an arrow.
The arrow hits you!
Firing (i - inventory. (/) - cycle)
N - 82 sling bullets (quivered)
Press: ? - help, Shift-Dir - straight line, f - centaur warrior
Aim: a centaur warrior, wielding a +0 shortbow and quivering 15 arrows You shoot a sling bullet.
The sling bullet hits the centaur warrior.
The centaur warrior is lightly wounded.
The centaur warrior shoots an arrow.
The arrow hits you!
The centaur warrior shoots an arrow.
The arrow barely misses you.
Firing (i - inventory. (/) - cycle)
N - 81 sling bullets (quivered)
Press: ? - help, Shift-Dir - straight line, f/p - centaur warrior
Aim: a centaur warrior, wielding a +0 shortbow and quivering 13 arrows (lightly wounded)
You shoot a sling bullet.
The sling bullet hits the centaur warrior.
The centaur warrior is lightly wounded.
The centaur warrior shoots an arrow.
The arrow hits you!
* * * LOW HITPOINT WARNING * * *
The centaur warrior shoots an arrow.
The arrow hits you!!
You die...

#.( #.# #.#
#####.#########
+.............. .
#...........###c#
#.......[.......#
#########......####......
.......##.......@........
.^...............((.(((.(
.#.#.#.#.#.###..###.?...(
...........# #..# ####.
.⌠.....⌠...# #..#
...._.......##..#
.⌠.....⌠....##..#
................#
.#.#.#.#.#.###..#


You could see a centaur warrior.

Vanquished Creatures
  A two-headed ogre (D:10)
  Pikel (D:4)
  A cyclops (D:12)
  4 ugly things
  A centaur zombie (D:12)
  Maurice (D:8)
  A centaur skeleton (D:11)
  A troll (D:9)
  3 hornets (D:8)
  A vampire (D:9)
  A wyvern (D:10)
  4 yaks (D:11)
  5 vampire mosquitoes (D:12)
  A soldier ant (D:8)
  3 slaves (D:4)
  A necrophage (D:11)
  2 orc warriors
  A sky beast (D:11)
  An ice beast (D:10)
  4 ogres
  2 centaurs
  4 big kobolds
  4 bullfrogs
  A wyvern skeleton (D:11)
  4 scorpions
  11 killer bees
  2 wights (D:6)
  2 howler monkeys
  2 crimson imps
  A quasit (D:10)
  9 hounds
  A jelly (D:12)
  16 orc wizards
  7 orc priests
  2 bullfrog skeletons
  3 iguanas
  7 worker ants
  A nameless horror (D:5)
  Robin (D:3)
  14 adders
  A gnoll (D:6)
  6 shadow imps
  5 oozes
  6 worms
  4 dart slugs
  4 leopard geckos
  44 orcs
  5 ball pythons
  12 bats
  A bat zombie (D:7)
  15 giant cockroaches
  17 goblins
  10 hobgoblins
  12 jackals
  21 kobolds
  4 quokkas
  6 frilled lizards
  A leopard gecko skeleton (D:8)
  7 rats
313 creatures vanquished.

Vanquished Creatures (collateral kills)
  3 ugly things (D:15)
  2 hungry ghosts
  A water moccasin (D:10)
  An ice beast (D:10)
  An orc warrior (D:11)
  A necrophage (D:9)
  A crocodile (D:11)
  11 wights
  An orc wizard (D:11)
  A centaur skeleton (D:5)
  2 bullfrog skeletons
  2 gnolls (D:6)
  A shadow imp (D:5)
  An ooze (Sewer)
  An adder zombie (D:5)
  A worm (Sewer)
  3 orcs
  A kobold (D:10)
35 creatures vanquished.

Grand Total: 348 creatures vanquished

Notes
Turn   | Place    | Note
-------+----------+-------------------------------------------
     0 | D:1      | Amnesiac the Deep Elf Ice Elementalist began the quest for
                  | the Orb.
     0 | D:1      | Reached XP level 1. HP: 10/10 MP: 6/6
   148 | D:2      | Reached XP level 2. HP: 15/15 MP: 5/8
   209 | D:2      | Reached skill level 5 in Ice Magic
   292 | D:2      | Reached XP level 3. HP: 18/19 MP: 8/10
   297 | D:2      | Learned a level 3 spell: Frozen Ramparts
   301 | D:2      | Learned a level 3 spell: Ozocubu's Armour
   398 | D:4      | Found a basalt altar of Yredelemnul.
   508 | D:4      | Found a bloodstained altar of Trog.
   558 | D:4      | Found a glowing silver altar of Zin.
   674 | D:4      | Found a sacrificial altar of Ru.
   698 | D:4      | Noticed a scorpion
   711 | D:4      | Killed a scorpion
   711 | D:4      | Reached skill level 6 in Ice Magic
   711 | D:4      | Reached XP level 4. HP: 24/24 MP: 7/12
   724 | D:4      | Learned a level 4 spell: Summon Ice Beast
   843 | D:5      | Entered Level 5 of the Dungeon
   867 | D:4      | Noticed a slave
   872 | D:4      | Noticed a slave
   898 | D:4      | Killed a slave
   977 | D:4      | Reached XP level 5. HP: 28/28 MP: 2/14
  1120 | D:4      | Killed a slave
  1120 | D:4      | Reached skill level 5 in Spellcasting
  1172 | D:4      | Noticed a slave
  1173 | D:4      | Noticed a slave
  1174 | D:4      | Noticed Pikel
  1189 | D:4      | Killed a slave
  1239 | D:4      | Killed Pikel
  1239 | D:4      | Reached skill level 8 in Ice Magic
  1239 | D:4      | Reached XP level 6. HP: 32/32 MP: 9/17
  1239 | D:4      | Reached XP level 7. HP: 36/36 MP: 10/19
  1569 | D:5      | Found Fenotiuv's Distillery.
  1572 | D:5      | Bought a potion of lignification for 42 gold pieces
  1851 | D:5      | Noticed a +0 dagger
  1881 | D:5      | Noticed a +0 hand axe
  1883 | D:5      | Found a hide-covered altar of Uskayaw.
  2254 | D:6      | Reached skill level 9 in Ice Magic
  2336 | D:6      | Found a sparkling altar of Nemelex Xobeh.
  2473 | D:6      | Found a glowing drain.
  2477 | Sewer    | Entered a sewer
  2479 | Sewer    | Reached XP level 8. HP: 37/41 MP: 17/21
  2734 | Sewer    | Learned a level 4 spell: Hailstorm
  2951 | D:6      | Found a hazy altar of Hepliaklqana.
  3116 | D:6      | Reached skill level 10 in Ice Magic
  3254 | D:6      | Found an ancient bone altar of Kikubaaqudgha.
  3334 | D:6      | Found a shattered altar of Ashenzari.
  3568 | D:7      | Found a stormy altar of Qazlal.
  3698 | D:7      | Found a staircase to the Ecumenical Temple.
  3704 | Temple   | Entered the Ecumenical Temple
  3778 | Temple   | Became a worshipper of Vehumet
  3789 | Temple   | Reached skill level 11 in Ice Magic
  4686 | D:2      | Reached * piety under Vehumet
  4686 | D:2      | Offered knowledge of Sandblast by Vehumet.
  5903 | D:3      | Learned a level 5 spell: Metabolic Englaciation
  5916 | D:3      | Noticed Robin
  5927 | D:3      | Killed Robin
  6032 | D:3      | Reached ** piety under Vehumet
  6035 | D:3      | Offered knowledge of Shock by Vehumet.
  6565 | D:7      | Found an ancient bone altar of Kikubaaqudgha.
  6712 | D:7      | Reached XP level 9. HP: 45/45 MP: 24/24
  7073 | D:8      | Paralysed by a hornet for 1 turns
  7126 | D:8      | Reached skill level 10 in Spellcasting
  7140 | D:8      | Offered knowledge of Stone Arrow by Vehumet.
  7140 | D:8      | Reached skill level 12 in Ice Magic
  7495 | D:8      | Found a staircase to the Lair.
  7678 | D:8      | Noticed Maurice
  7692 | D:8      | Killed Maurice
  7692 | D:8      | Reached skill level 13 in Ice Magic
  8272 | D:9      | Noticed a troll
  8281 | D:9      | Killed a troll
  8281 | D:9      | Reached XP level 10. HP: 50/50 MP: 27/27
  8402 | D:9      | Reached *** piety under Vehumet
  8423 | D:9      | Found a runed translucent gate.
  8423 | D:9      | Found a runed translucent gate.
  8423 | D:9      | Found a runed translucent gate.
  8429 | D:9      | Noticed MIKEmikeMIKE's ghost (novice CeHu)
  8670 | D:9      | Offered knowledge of Olgreb's Toxic Radiance by Vehumet.
  8676 | D:9      | Learned a level 4 spell: Olgreb's Toxic Radiance
  8854 | D:10     | Entered Level 10 of the Dungeon
  9333 | D:10     | Noticed a white ugly thing
  9499 | D:10     | Noticed a two-headed ogre
  9507 | D:10     | Killed a two-headed ogre
  9507 | D:10     | Reached skill level 14 in Ice Magic
  9517 | D:10     | Reached **** piety under Vehumet
  9591 | D:10     | Found a blossoming altar of Fedhas.
  9797 | D:11     | Offered knowledge of Bolt of Magma by Vehumet.
  9879 | D:11     | Noticed a purple ugly thing
  9880 | D:11     | Noticed a green ugly thing
  9890 | D:11     | Killed a green ugly thing
  9891 | D:11     | Killed a green ugly thing
  9891 | D:11     | Reached XP level 11. HP: 54/54 MP: 18/29
  9920 | D:11     | Reached skill level 15 in Ice Magic
 10269 | D:11     | Reached ***** piety under Vehumet
 10269 | D:11     | Offered knowledge of Irradiate by Vehumet.
 10276 | D:11     | Learned a level 5 spell: Irradiate
 10768 | D:12     | Found a staircase to the Orcish Mines.
 10791 | D:12     | Noticed a white ugly thing
 11078 | D:12     | You fall into a shaft and drop 3 floors!
 11078 | D:15     | Entered Level 15 of the Dungeon
 11111 | D:15     | Noticed a cyan ugly thing
 11123 | D:15     | Noticed a cyan ugly thing
 11124 | D:15     | Found a white marble altar of Elyvilon.
 11124 | D:15     | Noticed a cyan ugly thing
 11124 | D:15     | Noticed a cyan ugly thing
 11135 | D:15     | Killed a cyan ugly thing
 11135 | D:15     | Noticed a cyan ugly thing
 11138 | D:15     | Killed a cyan ugly thing
 11140 | D:15     | Killed a cyan ugly thing
 11142 | D:15     | Killed a cyan ugly thing
 11152 | D:15     | Killed a cyan ugly thing
 11152 | D:15     | Reached skill level 16 in Ice Magic
 11209 | D:15     | Noticed a centaur warrior
 11213 | D:15     | Shot with an arrow by a centaur warrior

Levels and vault maps discovered:
D:1:      psy_arrival_terrarium, layout_loops_ring, st_stairs_4
D:2:      layout_basic
D:3:      minmay_wonky_spiral, layout_loops_ring, uniq_robin
D:4:      layout_rooms, lemuel_round_altar, kennysheep_little_box,
          nicolae_ru_path_of_blood, lemuel_round_altar,
          kennysheep_generic_room_2, uniq_pikel
D:5:      layout_loops_cross, dancing_weapons_uskayaw, serial_shops,
          nicolae_shop_trees, first_ration
D:6:      layout_gridville, nemelex_xobeh_ov_fountains_minmay,
          lemuel_round_altar, lemuel_crystal_altar, basic_altar,
          gup_sewer_entry_bowl
D:7:      layout_basic, lemuel_zombie_altar_kikubaaqudgha, lemuel_doored_altar,
          minmay_temple_entry_waves
D:8:      layout_basic, lair_entry_dummy, hangedman_pestilent_swarm,
          chequers_serial_rivers_micro_b, uniq_maurice
D:9:      layout_small_grid, gammafunk_ghost_spectres
D:10:     layout_rooms, fedhas_altar_4
D:11:     layout_roguey, serial_glass, glass_columns_a, glass_columns_a
D:12:     layout_roguey, orc_0_dummy, minmay_misc_feat_enclosed,
          grunt_ministairs_2
D:15:     grunt_enter_depths_hoard, layout_basic, serial_park_square1
          [serial_park_minivault_5x5_2], serial_bayou_pond_e, elyvilon_altar_5
Temple:   hc_temple_tempest_star

Skill      XL: |  1  2  3  4  5  6  7  8  9 10 11 |
---------------+----------------------------------+-----
Ice Magic      | 5 6 8 9 11 13 14 16 | 16.0
Spellcasting   | 4 6 7 9 11 12 13 | 13.6
Stealth        | 3 |  3.0
Dodging        | |  2.4

Action                   |  1- 3 |  4- 6 |  7- 9 | 10-12 || total
-------------------------+-------+-------+-------+-------++-------
Melee: Unarmed           |     1 |       |     4 |       ||     5
       Falchion          |       |       |    86 |       ||    86
       Whip              |       |       |     3 |       ||     3
 Fire: Hunting sling     |       |       |   252 |   287 ||   539
Throw: Dart              |       |     1 |       |       ||     1
 Cast: Freeze            |    25 |    14 |    55 |    17 ||   111
       Frozen Ramparts   |     2 |     8 |    47 |    38 ||    95
       Summon Ice Beast  |       |       |    18 |    21 ||    39
       Olgreb's Toxic Ra |       |       |       |     1 ||     1
       Irradiate         |       |       |       |     5 ||     5
Evoke: Wand              |       |       |       |     1 ||     1
  Use: Scroll            |       |       |     8 |    21 ||    29
       Potion            |       |       |     1 |     1 ||     2
 Stab: Distracted        |       |       |     1 |       ||     1
  Eat: Chunk             |       |     1 |    25 |    10 ||    36
Armor: Robe              |     1 |       |    71 |    73 ||   145
       Skin              |       |       |    18 |       ||    18
Dodge: Dodged            |    12 |     8 |   156 |   126 ||   302
       Rpst.: Falchion   |       |       |    20 |       ||    20

Table legend:
 A = Non-vault XP
 B = Vault XP
 C = Vault XP percentage of total XP
 D = Non-vault monster count
 E = Vault monster count
 F = Vault count percentage of total count
                 A         B        C        D         E       F
            +---------+---------+-------+---------+---------+-------
      Total |   14828 |    2235 |  13.1 |     290 |      54 |  15.7
            +---------+---------+-------+---------+---------+-------
        D:1 |      50 |       5 |   9.1 |      23 |       3 |  11.5
        D:2 |      75 |       0 |   0.0 |      19 |       0 |   0.0
        D:3 |     137 |      45 |  24.7 |      31 |      16 |  34.0
        D:4 |     252 |     675 |  72.8 |      13 |       2 |  13.3
        D:5 |     182 |       0 |   0.0 |       8 |       0 |   0.0
        D:6 |     780 |       8 |   1.0 |      21 |       4 |  16.0
        D:7 |     575 |       2 |   0.3 |      21 |       1 |   4.5
        D:8 |     895 |    1429 |  61.5 |      22 |       5 |  18.5
        D:9 |    1387 |       0 |   0.0 |      31 |       0 |   0.0
       D:10 |    2180 |       0 |   0.0 |      33 |       0 |   0.0
       D:11 |    3580 |       0 |   0.0 |      40 |       0 |   0.0
       D:12 |    2521 |       0 |   0.0 |      19 |       0 |   0.0
       D:15 |    2144 |       0 |   0.0 |       8 |       0 |   0.0
     Temple |      70 |       0 |   0.0 |       1 |       0 |   0.0
      Sewer |       0 |      71 | 100.0 |       0 |      23 | 100.0
            +---------+---------+-------+---------+---------+-------
